 Dungeon Crawl Stone Soup version 0.29-a0-393-g47a863cc1b (webtiles) character file.

Game seed: 11151710293893934496

5687 loir the Fighter (level 11, -7/85 HPs)
             Began as a Djinni Fire Elementalist on May 9, 2022.
             Was an Initiate of Gozag.
             Hit by a large rock thrown by a cyclops (43 damage)
             ... on level 9 of the Dungeon on May 10, 2022.
             The game lasted 00:59:28 (11484 turns).

loir the Fighter (Djinni Fire Elementalist)        Turns: 11484, Time: 00:59:28

Health: -7/85      AC:  4    Str: 12    XL:     11   Next: 4%
Gold:   1202       EV: 12    Int: 25    God:    Gozag SH:  6 Dex: 21

rFire   + + .      SeeInvis .   F - staff of conjuration
rCold   x . .      Faith    .   z - +2 buckler
rNeg    . . .      Spirit   .   a - +0 robe
rPois   ∞          Reflect  .   (no helmet)
rElec   .          Harm     .   (no cloak)
rCorr   .          Rampage  .   r - +1 pair of gloves
Will    +....                   (boots unavailable)
Stlth   ++........              (no amulet)
HPRegen 0.24/turn               k - ring of wizardry
MPRegen 0.00/turn               i - ring of Midwinter {Str+5 Int+5 Dex+6 Slay-2}

@: gold aura, flying
A: sickness immunity, fire resistance 2, cold vulnerability 1, float, innate
caster, HP casting, extra vitality 1
a: Renounce Religion, Potion Petition, Call Merchant, Bribe Branch


You were on level 9 of the Dungeon.
You worshipped Gozag.
Gozag was most pleased with you.
You visited 2 branches of the dungeon, and saw 10 of its levels.

You collected 1307 gold pieces.
You spent 22 gold pieces at shops.
You paid 83 gold pieces to Gozag.

Inventory:

Hand Weapons
 p - a +1 whip of flaming
 v - a +2 flail of holy wrath
 x - a +2 dagger of venom
 y - a +0 vampiric spear
 A - a +7 long sword
 D - a +4 dagger
Missiles
 c - 15 poisoned darts
 o - 129 stones
 B - 8 boomerangs
Armour
 a - a +0 robe (worn)
 n - a +0 kite shield
 r - a +1 pair of gloves (worn)
 z - a +2 buckler (worn)
 G - a +4 plate armour
Magical Staves
 e - a staff of poison
 F - a staff of conjuration (weapon)
 I - a staff of cold
Jewellery
 i - the ring of Midwinter (right hand) {Str+5 Int+5 Dex+6 Slay-2}
   (You took it off an orc wizard on level 8 of the Dungeon)

   [ring of dexterity]

   Str:       It affects your strength (+5).
   Int:       It affects your intelligence (+5).
   Dex:       It affects your dexterity (+6).
   Slay:      It affects your accuracy & damage with ranged weapons and melee
   (-2).
 k - a ring of wizardry (left hand)
 q - a +6 ring of strength
 s - a ring of see invisible
Wands
 m - a wand of flame (46)
 C - a wand of polymorph (7)
Scrolls
 d - 4 scrolls of magic mapping
 g - 2 scrolls of summoning
 h - 6 scrolls of blinking
 E - a scroll of noise
Potions
 b - 3 potions of curing
 f - 4 potions of brilliance
 j - 2 potions of cancellation
 l - 2 potions of ambrosia
 t - a potion of might
 u - 3 potions of mutation
 w - a potion of haste {unknown}
 H - a potion of invisibility {unknown}
 J - a potion of flight {unknown}
 K - 2 potions of resistance {unknown}


   Skills:
 * Level 10.2 Fighting
 - Level 2.1 Dodging
 - Level 1.5 Stealth
 * Level 9.7 Spellcasting


You had 2 spell levels left.
You knew the following spells:

 Your Spells              Type           Power      Damage    Failure   Level
a - Foxfire               Conj/Fire      100%       2x1d9     1%          1
b - Scorch                Fire           100%       2d10      1%          2
c - Conjure Flame         Conj/Fire      74%        6-21      1%          3
d - Inner Flame           Hex/Fire       57%        N/A       1%          3
e - Flame Wave            Conj/Fire      74%        2d13      1%          4
f - Magic Dart            Conj           100%       1d8       1%          1
g - Ensorcelled Hibernat  Hex/Ice        100%       N/A       1%          2
h - Blink                 Tloc           100%       N/A       1%          2
i - Ice Form              Ice/Tmut       57%        N/A       1%          4
j - Borgnjor's Vile Clut  Necr/Erth      28%        N/A       1%          5
Your spell library was empty.

Dungeon Overview and Level Annotations

Branches:
Dungeon (9/15)             Temple (1/1) D:5
   Lair: D:8-11         Orc: D:9-12

Altars:
Ashenzari
Cheibriados
Dithmenos
Elyvilon
Fedhas
Gozag
Hepliaklqana
Kikubaaqudgha
Makhleb
Nemelex Xobeh
Okawaru
Qazlal
Ru
Sif Muna
Uskayaw
Wu Jian
Xom
Yredelemnul
Zin
The Shining One

Shops:
D:4 ?


Innate Abilities, Weirdness & Mutations

You are immune to sickness and miasma.
You are immune to poison.
Your flesh is very heat resistant. (rF++)
You are vulnerable to cold. (rC-)
You float through the air rather than walking.
You learn spells naturally, not from books.
Your magical power is your life essence.
You have superior vitality. (+4 MHP)


Message History

The hornet's fire resistance burns away.
The hornet barely misses you. The hornet closely misses you.
Casting: Scorch (safe; 1% risk of failure)
Confirm with . or Enter, or press ? or * to list all spells.
Flames lash the hornet.
The hornet is burned terribly!
The hornet is heavily wounded.
The hornet stings you!
Casting: Scorch (safe; 1% risk of failure)
Confirm with . or Enter, or press ? or * to list all spells.
Flames lash the hornet.
The hornet is burned terribly!
The hornet is almost dead.
The hornet stings you. The hornet closely misses you.
Casting: Scorch (safe; 1% risk of failure)
Confirm with . or Enter, or press ? or * to list all spells.
Flames lash the hornet.
The hornet is burned terribly!
You kill the hornet!
You start resting.
A cyclops is nearby!
Casting: Scorch (safe; 1% risk of failure)
Confirm with . or Enter, or press ? or * to list all spells.
You feel a surge of power!
The fire begins to smoulder!
The fire ignites!
Casting: Conjure Flame (safe; 1% risk of failure)
Confirm with . or Enter, or press ? or * to list all spells.
Flames lash the cyclops.
The cyclops is lightly wounded.
The cyclops's fire resistance burns away.
Casting: Scorch (safe; 1% risk of failure)
Confirm with . or Enter, or press ? or * to list all spells.
Flames lash the cyclops.
The cyclops is burned terribly!
The cyclops is moderately wounded.
Casting: Scorch (safe; 1% risk of failure)
Confirm with . or Enter, or press ? or * to list all spells.
Flames lash the cyclops.
The cyclops is burned terribly!
The cyclops is heavily wounded.
You hear a shout!
The cyclops throws a large rock.
The large rock hits you!!!
Ouch! That really hurt!
You die...
Your body crumbles into a pile of gold.

#.....#
#!....#
#####.....#
C......>..#
#.# ###### #C#
.....# #§#
####.## #.# #
#..# #@# #
##.## #.# #
#..# #+# #.#
###### # ##.#
#.# #.# ######
#..... # #.##
#.# #.# #....#
#.#### ^# #..#
#.# #.# #....#
#..... #..
##.#
#.###.###....#
#..... ###
#.##
#.#..........#
#.._.. #..#
#.#..........#
#.....


You could see a cyclops (combustible).

Vanquished Creatures
  A two-headed ogre (D:9)
  Pikel (D:4)
  An ugly thing (D:7)
  A hornet (D:9)
  Sigmund (D:6)
  A yak (D:9)
  2 steam dragons
  An acid dragon (D:6)
  A water moccasin (D:8)
  2 orc warriors (D:9)
  2 ice beasts (D:6)
  5 black bears
  An ogre (D:4)
  A centaur (D:5)
  A lemure (D:4)
  3 bullfrogs
  5 gnoll sergeants
  2 scorpions
  7 wights (D:6)
  2 howler monkeys
  3 hounds
  A gnoll shaman (D:7)
  4 orc priests
  2 jellies
  6 iguanas
  11 orc wizards
  26 gnolls
  7 adders
  A shadow imp (D:7)
  2 white imps
  2 ufetubi
  A worm (D:2)
  2 dart slugs
  34 orcs
  8 ball pythons
  5 bats
  5 endoplasms
  2 giant cockroaches (D:1)
  A goblin (D:4)
  12 hobgoblins
  3 jackals (D:4)
  3 kobolds (D:1)
  5 quokkas
  5 frilled lizards
  5 rats
197 creatures vanquished.

Vanquished Creatures (collateral kills)
  7 foxfires (D:3)
7 creatures vanquished.

Vanquished Creatures (others)
  435 foxfires
  A plant (D:5)
436 creatures vanquished.

Grand Total: 640 creatures vanquished

Notes
Turn   | Place    | Note
-------+----------+-------------------------------------------
     0 | D:1      | loir the Djinni Fire Elementalist began the quest for the
                  | Orb.
     0 | D:1      | Reached XP level 1. HP: 15/15 MP: 0/0
   241 | D:1      | Reached XP level 2. HP: 18/22 MP: 0/0
   437 | D:1      | Reached skill level 1 in Fighting
   558 | D:1      | Reached XP level 3. HP: 17/27 MP: 0/0
   558 | D:1      | Learned a level 1 spell: Magic Dart
  1780 | D:2      | Reached XP level 4. HP: 29/33 MP: 0/0
  2120 | D:3      | Found the +3 woodcutter's axe {vorpal}
  2286 | D:3      | Found a sparkling altar of Nemelex Xobeh.
  2470 | D:3      | Found a white marble altar of Elyvilon.
  2587 | D:3      | Reached skill level 2 in Fighting
  2772 | D:4      | Noticed an ogre
  2779 | D:4      | Killed an ogre
  2780 | D:4      | Reached XP level 5. HP: 31/39 MP: 0/0
  2780 | D:4      | Learned a level 2 spell: Ensorcelled Hibernation
  2962 | D:4      | Reached XP level 6. HP: 20/45 MP: 0/0
  3201 | D:4      | Reached skill level 3 in Fighting
  3387 | D:4      | Noticed a black bear
  3394 | D:4      | Killed a black bear
  3401 | D:4      | Reached XP level 7. HP: 40/50 MP: 0/0
  3401 | D:4      | Learned a level 2 spell: Blink
  3499 | D:4      | Found Ebrenny's Magic Scroll Shoppe.
  3518 | D:4      | Bought a scroll of identify for 22 gold pieces
  3539 | D:4      | Noticed Pikel
  3568 | D:5      | Entered Level 5 of the Dungeon
  3572 | D:5      | Reached skill level 5 in Spellcasting
  3823 | D:5      | Reached skill level 4 in Fighting
  3916 | D:4      | Killed Pikel
  3917 | D:4      | Reached skill level 5 in Fighting
  3917 | D:4      | Reached XP level 8. HP: 21/59 MP: 0/0
  4202 | D:4      | Found a shadowy altar of Dithmenos.
  4636 | D:5      | Found a staircase to the Ecumenical Temple.
  4646 | Temple   | Entered the Ecumenical Temple
  4862 | Temple   | Became a worshipper of Gozag Ym Sagoz the Greedy
  6111 | D:6      | Reached XP level 9. HP: 61/66 MP: 0/0
  6111 | D:6      | Learned a level 4 spell: Ice Form
  6121 | D:6      | Reached skill level 6 in Fighting
  6875 | D:6      | HP: 3/67 [gnoll sergeant/+0 spear (12)]
  7241 | D:6      | Reached skill level 7 in Fighting
  8158 | D:6      | Noticed Sigmund
  8190 | D:6      | Killed Sigmund
  8191 | D:6      | Reached skill level 8 in Fighting
  8191 | D:6      | Reached XP level 10. HP: 34/76 MP: 0/0
  9169 | D:7      | Noticed a cyan ugly thing
  9175 | D:7      | Killed a cyan ugly thing
  9176 | D:7      | Reached skill level 9 in Fighting
  9329 | D:7      | Found a burning altar of Makhleb.
  9777 | D:7      | Found a stormy altar of Qazlal.
 10140 | D:8      | Identified the ring of Midwinter {Str+5 Int+5 Dex+6 Slay-2}
 11055 | D:8      | Found an ornate altar of the Wu Jian Council.
 11168 | D:9      | Found a blossoming altar of Fedhas.
 11212 | D:9      | Noticed a two-headed ogre
 11222 | D:9      | Killed a two-headed ogre
 11316 | D:9      | Found a basalt altar of Yredelemnul.
 11326 | D:9      | Reached skill level 10 in Fighting
 11327 | D:9      | Reached XP level 11. HP: 69/85 MP: 0/0
 11327 | D:9      | Learned a level 5 spell: Borgnjor's Vile Clutch
 11468 | D:9      | Noticed a cyclops
 11484 | D:9      | Hit by a large rock thrown by a cyclops

Illustrated notes

Levels and vault maps discovered:
D:1:      matt_arrival_los_fun, layout_basic
D:2:      layout_loops_corners
D:3:      layout_rooms, mainiacjoe_overflow_catwalk,
          mainiacjoe_overflow_alcove_1, dreamdust_princess_bridge,
          minmay_crystal_water
D:4:      layout_basic, kennysheep_little_box, serial_shops,
          nicolae_square_shop, minivault_23, kennysheep_donut, uniq_pikel
D:5:      layout_basic, minmay_temple_entry_drinking_statues,
          saegor_snake_ambush
D:6:      layout_layer_cave, uniq_sigmund
D:7:      layout_loops_ring, nicolae_qazlal_general_emergency,
          amcnicky_altar_gilded
D:8:      layout_loops_ring, lemuel_coloured_pillars_altar, serial_glass,
          glass_columns_b, glass_columns_b, glass_columns_c, glass_columns_c,
          glass_columns_a, glass_columns_a, glass_columns_a, glass_columns_b,
          glass_columns_c, glass_columns_a, glass_columns_b, glass_columns_a,
          glass_columns_a, glass_columns_b
D:9:      layout_basic, fedhas_altar_2, serial_shops, shop,
          minmay_misc_feat_rugged, hangedman_feature_mirror
Temple:   nicolae_temple_figure_eight

Skill      XL: |  1  2  3  4  5  6  7  8  9 10 |
---------------+-------------------------------+-----
Fighting       | 1 2 3 5 8 10 | 10.2
Spellcasting   | 3 4 6 7 8 9 |  9.7
Dodging        | |  2.1
Stealth        | |  1.5

Action                   |  1- 3 |  4- 6 |  7- 9 | 10-12 || total
-------------------------+-------+-------+-------+-------++-------
 Cast: Foxfire           |    70 |    51 |   108 |    35 ||   264
       Scorch            |     5 |    10 |   107 |    99 ||   221
       Ensorcelled Hiber |       |     1 |     2 |       ||     3
       Flame Wave        |       |       |     4 |       ||     4
       Conjure Flame     |       |       |    13 |    16 ||    29
       Magic Dart        |       |       |     5 |     3 ||     8
       Inner Flame       |       |       |       |     6 ||     6
       Blink             |       |       |       |     1 ||     1
  Use: Scroll            |     3 |     7 |     5 |     5 ||    20
       Potion            |       |       |     2 |     1 ||     3
Armor: Robe              |       |       |     4 |       ||     4
Dodge: Dodged            |     1 |     4 |    25 |    10 ||    40
Block: Buckler           |       |       |     2 |     3 ||     5

Table legend: (Time is in decaauts)
 A = Elapsed time spent in this place.
 B = Non-inter-level travel time spent in this place.
 C = Inter-level travel time spent in this place.
 D = Time resting spent in this place.
 E = Time spent auto-exploring this place.
 F = Levels seen in this place.
 G = Mean time per level.
                   A        B        C        D        E       F      G
               +--------+--------+--------+--------+--------+-----+--------+
         Total |  11480 |  11180 |    300 |   3216 |   6592 |  10 | 1148.0 |
       Dungeon |  11251 |  10975 |    276 |   3216 |   6392 |   9 | 1250.1 |
        Temple |    228 |    204 |     24 |      0 |    200 |   1 |  228.0 |
               +--------+--------+--------+--------+--------+-----+--------+

Top non-repeatable levels by time:
     D:6: 2345 daAuts
     D:5: 1773 daAuts
     D:7: 1622 daAuts
     D:4: 1324 daAuts
     D:1: 1205 daAuts
     D:8: 1099 daAuts
     D:2: 913 daAuts
     D:3: 651 daAuts
     D:9: 315 daAuts
  Temple: 228 daAuts
